 Seeded DCSS version 0.25.1-2-g60ff931df9 (webtiles) character file.

Game seed: 14887499385653633729 (custom seed)

47 sahdkjhfkaj the Sneak (level 3, 0/15 HPs)
             Began as a Felid Ice Elementalist on Nov 1, 2020.
             Slain by a worm (7 damage)
             ... on level 2 of the Dungeon.
             The game lasted 00:03:58 (1677 turns).

sahdkjhfkaj the Sneak (Felid Ice Elementalist)      Turns: 1677, Time: 00:03:59

Health: 0/15       AC:  1    Str:  4    XL:     3   Next: 48%
Magic:  0/7        EV: 18    Int: 17    God:
Gold:   31         SH:  0    Dex: 16    Spells: 2/6 levels left
                                        Lives:  0   Deaths: 0

rFire    . . .     SeeInvis +     - Unarmed
rCold    . . .     Gourm    .   (shield unavailable)
rNeg     . . .     Faith    .   (armour unavailable)
rPois    .         Spirit   .   (helmet unavailable)
rElec    .         Reflect  .   (cloak unavailable)
rCorr    .         Harm     .   (gloves unavailable)
MR       .....                  (boots unavailable)
Stlth    +++.......             (no amulet)
HPRegen  0.05/turn              (no ring)
MPRegen  0.10/turn              (no ring)

@: very slightly contaminated, quick
A: very small, no armour, no weapons or thrown items, stealth, claws 1, fangs 3,
see invisible, carnivore, speed 1, shaggy fur 1, slow metabolism 1, sharp paws
a: no special abilities


You were on level 2 of the Dungeon.
You were completely stuffed.

You visited 1 branch of the dungeon, and saw 2 of its levels.

You collected 31 gold pieces.

Inventory:

Missiles
 d - 20 arrows
Scrolls
 e - a scroll of fog {!r, unknown}
Potions
 a - a potion of curing {!q, unknown}
 c - a potion of berserk rage {!q, unknown}
Comestibles
 b - 2 rations


   Skills:
 - Level 1.0 Fighting
 + Level 2.6 Dodging
 - Level 5.0 Stealth
 - Level 1.0 Unarmed Combat
 - Level 2.0 Spellcasting
 - Level 3.6 Ice Magic


You had 2 spell levels left.
You knew the following spells:

 Your Spells              Type           Power        Failure   Level  Hunger
a - Freeze                Ice            ##..         4%          1    #......
b - Frozen Ramparts       Ice            ##....       13%         3    ###....

Your spell library contained the following spells:

 Spells                   Type           Power        Failure   Level  Hunger
 Ozocubu's Armour         Chrm/Ice       #.......     28%         3    ###....
 Hailstorm                Conj/Ice       #.......     67%         4    #####..
 Summon Ice Beast         Ice/Summ       #.......     67%         4    #####..


Dungeon Overview and Level Annotations

Branches:
Dungeon (2/15)

Altars:


Innate Abilities, Weirdness & Mutations

You cannot wear armour.
You are incapable of wielding weapons or throwing items.
Your paws allow you to move quietly. (Stealth)
You have sharp claws.
You have razor-sharp teeth.
You have supernaturally acute eyesight. (SInv)
You are carnivorous and can eat meat at any time.
You cover ground quickly.
You are covered in fur. (AC +1)
You have a slow metabolism.
Your sharp claws are effective at attacking unaware monsters.


Message History

The worm is heavily wounded.
You scratch the worm.
The worm is heavily wounded.
You scratch the worm.
The worm is heavily wounded.
Casting: Freeze (safe; 4% risk of failure)
Confirm with . or Enter, or press ? or * to list all spells.
Aiming: Freeze (safe; 4% risk of failure)
Press: ? - help, Shift-Dir - straight line, f/p - worm
Aim: a worm (heavily wounded)
You freeze the worm.
The worm is heavily wounded.
You scratch the worm.
The worm is severely wounded.
The worm bites you.
* * * LOW HITPOINT WARNING * * *
You scratch the worm.
The worm is severely wounded.
The worm bites you!
You die...

>.# #...# #.#####
###.###### ......# #.#
####......## #.###.# #.#
#........... ...##.#
#.#### #.#...###.##
#..##.# ##....####).(.†.#
#
#..##.####.........#.....#
#..............##w###....#
#.###.##......##@## ##..##
#.# #.##.#......## ##.#
#.# #.##.#.##....# ## #.#
#.##>#.####.#.# #.#
#.##.#.# #.##.#
......##.#.# #.# #.#
#...####.#.# #.# .# #.#
#.#.. #.# # # ... ...


You could see a worm.

Vanquished Creatures
  An adder (D:2)
  2 dart slugs (D:1)
  A leopard gecko (D:2)
  4 bats
  3 goblins
  7 hobgoblins
  4 jackals (D:1)
  4 kobolds
  A frilled lizard (D:1)
  3 rats
30 creatures vanquished.

Notes
Turn   | Place    | Note
-------+----------+-------------------------------------------
     0 | D:1      | sahdkjhfkaj the Felid Ice Elementalist began the quest for
                  | the Orb.
     0 | D:1      | Reached XP level 1. HP: 7/7 MP: 4/4
   238 | D:1      | Reached skill level 1 in Fighting
   267 | D:1      | Reached skill level 1 in Unarmed Combat
   348 | D:1      | Reached skill level 3 in Stealth
   348 | D:1      | Reached XP level 2. HP: 12/12 MP: 6/6
  1152 | D:1      | Reached skill level 4 in Stealth
  1393 | D:2      | Reached XP level 3. HP: 12/15 MP: 4/7
  1506 | D:2      | Learned a level 3 spell: Frozen Ramparts
  1624 | D:2      | Reached skill level 5 in Stealth
  1677 | D:2      | Slain by a worm

Illustrated notes

Levels and vault maps discovered:
D:1:      dpeg_arrival_erosion, layout_basic, supply_closet_lemuel,
          minmay_misc_feat_four_crosses
D:2:      layout_loops_ring, hangedman_feature_mirror

Skill      XL: |  1  2  3 |
---------------+----------+-----
Fighting       | 1 |  1.0
Unarmed Combat | 1 |  1.0
Stealth        | 3 4 5 |  5.0
Dodging        | |  2.6
Spellcasting   | |  2.0
Ice Magic      | |  3.6

Action                   || total
-------------------------++-------
Melee: Unarmed           ||    46
       Bite              ||     6
 Cast: Freeze            ||    40
 Stab: Sleeping          ||     8
  Eat: Chunk             ||     9
Armor: Skin              ||     2
Dodge: Dodged            ||    63
